 Dungeon Crawl Stone Soup version 0.32-a0-913-g739538afd8 (webtiles) character file.

Game seed: 14284594406158142991

1274 Ruich the Cutter (level 8, -7/33 (43) HPs)
             Began as a Vine Stalker Fighter on Apr 10, 2024.
             Was an Initiate of Uskayaw.
             Killed by divine providence
             ... invoked by Jeremiah
              (9 damage)
             ... on level 6 of the Dungeon.
             The game lasted 00:08:42 (5112 turns).

Ruich the Cutter (Vine Stalker Fighter)             Turns: 5112, Time: 00:08:43

HP:   -7/33 (43)    AC: 13    Str: 18    XL:     8   Next: 53%
MP:   0/11          EV:  9    Int: 10    God:    Uskayaw [......]
Gold: 293           SH:  6    Dex: 17    Spells: 7/7 levels left

rFire   . . .        a - +0 rapier
rCold   + . .        c - +1 buckler
rNeg    . . .        z - +7 ring mail "Foca" {rPois rC+ Int+2}
rPois   +            (no helmet)
rElec   .            (no cloak)
rCorr   .            v - +0 pair of gloves
SInv    .            (no boots)
Will    +....        h - amulet of the acrobat
Stlth   +            (no ring)
HPRegen 1.05/turn    (no ring)
MPRegen 0.12/turn

%: acrobat, guardian spirit
@: heavily drained
A: fangs 3, regeneration 1, magic shield, antimagic bite, no potion heal 2
a: Renounce Religion


You were on level 6 of the Dungeon.
You worshipped Uskayaw.
Uskayaw was noncommittal.
You visited 2 branches of the dungeon, and saw 7 of its levels.

You collected 293 gold pieces.


Innate Abilities, Weirdness & Mutations

You have razor-sharp teeth.
Your natural rate of healing is unusually fast.
When hurt, damage is shared between your health and your magic reserves.
Your bite disrupts and absorbs the magic of your enemies.
Potions cannot restore your health.


   Skills:
 + Level 5.2 Fighting
 * Level 6.7 Short Blades
 - Level 2.4 Armour
 - Level 1.1 Stealth
 - Level 4.0 Shields
 + Level 3.3 Invocations


You had 7 spell levels left.
You didn't know any spells.
Your spell library contained the following spells:

 Spells                   Type           Power      Damage    Failure   Level
 Dazzling Flash           Conj/Hex       0%         N/A       94%         3
 Starburst                Conj/Fire      0%         6d3       100%        6
 Maxwell's Capacitive Co  Air            0%         ∞         100%        8

Inventory:

Hand Weapons
 a - a +0 rapier (weapon)
Missiles
 r - 6 curare-tipped darts {=f}
 x - 2 throwing nets {=f}
Armour
 c - a +1 buckler (worn)
 v - a +0 pair of gloves (worn)
 z - the +7 ring mail "Foca" (worn) {rPois rC+ Int+2}
   (You found it on level 6 of the Dungeon)

   Int+2:     It affects your intelligence (+2).
   rC+:       It protects you from cold.
   rPois:     It protects you from poison.
Jewellery
 h - an amulet of the acrobat (around neck)
Wands
 m - a wand of flame (11)
 o - a wand of polymorph (5)
 t - a wand of light (13)
 y - a wand of digging (2)
Scrolls
 b - a scroll of poison {unknown}
 g - 3 scrolls of revelation
 j - 2 scrolls of teleportation {@r2}
Potions
 d - a potion of might
 e - a potion of heal wounds {unknown}
 f - 2 potions of brilliance
 i - a potion of mutation {unknown}
 k - 2 potions of resistance {unknown}
 l - 2 potions of cancellation
 n - 2 potions of attraction {unknown}
 p - a potion of enlightenment {unknown}
 q - 4 potions of curing {@q1}
 s - 2 potions of magic {unknown}
 u - a potion of haste {unknown}
 w - a potion of lignification {unknown}

Dungeon Overview and Level Annotations

Branches:
Dungeon (6/15) Zot: 26768  Temple (1/1) D:4 Zot: 5949

Altars:
Ashenzari
Dithmenos
Gozag
Hepliaklqana
Kikubaaqudgha
Makhleb
Nemelex Xobeh
Ru
Sif Muna
Trog
Uskayaw
Vehumet
Wu Jian
Xom
Yredelemnul
The Shining One

Annotations:
D:6 Jeremiah

#...##..#..##)................#..
#.<.....#....#..#.............#.#
#..†....#..........##.##.....[###
#.............b..#..#.#..#....#
...#....#........##.....##.....
...##...#.....bb....._.........
....#.....##...b.##.....##.....
.......#.......bF#..#.#..#.....
>.....###....b.b@b.##.##.......
........ .......#b........#...#
.......##...##................#
.......# . #.........##...b..
##....#...)....##
#.##.##).......#. #.
..###))##..... #..... ##....###.
......#.....#....


You could see Jeremiah.


Message History

Jeremiah is almost dead.
You kill the butterfly!
The butterfly disappears in a burst of colours!
You can no longer stomp with the beat.
The butterfly disappears in a burst of colours! x2
Jeremiah throws their arms up pleadingly.
Something smites you!
* * * LOW HITPOINT WARNING * * *
Unknown command.
Use which ability? (? or * to list)
Okay, then.
Unknown command.
Unknown command.
You closely miss Jeremiah. You bite Jeremiah. You drain their power.
You feel invigorated.
Jeremiah is almost dead.
The butterfly disappears in a burst of colours! x2
Jeremiah hits you with a +4 trident of draining.
* * * LOW HITPOINT WARNING * * *
You feel drained.
* * * LOW HITPOINT WARNING * * *
Unknown command.
Unknown command.
You hit Jeremiah.
Jeremiah is almost dead.
Jeremiah throws their arms up pleadingly.
Something smites you!
You die...
Jeremiah wails, "I didn't mean to kill anyone!
I'm not a murderer!"
Your body falls in perfect tune with the rhythm.

Skill      XL: |  1  2  3  4  5  6  7  8 |
---------------+-------------------------+-----
Short Blades   | 2 3 4 5 6 |  6.7
Fighting       | 3 4 5 |  5.2
Shields        | 3 4 |  4.0
Stealth        | 1 |  1.1
Invocations    | 2 3 |  3.3
Armour         | |  2.4

Action                     |  1- 3 |  4- 6 |  7- 9 || total
---------------------------+-------+-------+-------++-------
  Melee: Rapier            |    74 |   126 |   206 ||   406
         Bite              |    20 |    34 |    70 ||   124
 Invoke: Stomp             |       |       |     2 ||     2
    Use: Scroll            |       |     7 |     3 ||    10
   Stab: Paralysed         |       |     1 |     4 ||     5
 Armour: Scale mail        |    54 |    69 |    82 ||   205
         Ring mail         |       |       |    28 ||    28
  Dodge: Dodged            |    33 |    52 |    82 ||   167
  Block: Buckler           |    20 |    43 |    60 ||   123

Levels and vault maps discovered:
D:1:      co_arrival_hall_of_pillars, layout_basic
D:2:      layout_basic, basic_altar, chequers_jeans
D:3:      layout_basic, shapermc_ecumenical_altar_petra,
          kennysheep_generic_room_14, uniq_grinder
D:4:      layout_loops_cross, mainiacjoe_overflow_alcove_1,
          nemelex_diamond_rough_becter, temple_statues, uniq_blork_the_orc
D:5:      layout_loops_ring, trog_hazing_becter
D:6:      layout_cave_pools, mainiacjoe_overflow_small_starburst,
          kennysheep_slug_shrine, mainiacjoe_overflow_alcove_2,
          dreamdust_wishing_well, uniq_jeremiah
Temple:   minmay_temple_bridge_abc

Notes
Turn   | Place    | Note
-------+----------+-------------------------------------------
     0 | D:1      | Ruich the Vine Stalker Fighter began the quest for the Orb.
     0 | D:1      | Reached XP level 1. HP: 11/11 MP: 2/2
    53 | D:1      | Reached skill level 2 in Short Blades
   122 | D:1      | Reached XP level 2. HP: 16/16 MP: 3/3
   653 | D:2      | Reached skill level 3 in Fighting
   653 | D:2      | Reached skill level 3 in Shields
   653 | D:2      | Reached XP level 3. HP: 13/20 MP: 4/4
  1088 | D:1      | Reached skill level 3 in Short Blades
  1088 | D:1      | Reached XP level 4. HP: 21/24 MP: 5/5
  1502 | D:2      | Found a radiant altar of Vehumet.
  2188 | D:3      | Reached XP level 5. HP: 24/28 MP: 6/6
  2716 | D:3      | Found a faded altar of an unknown god.
  3122 | D:3      | Noticed Grinder
  3147 | D:3      | Killed Grinder
  3148 | D:3      | Reached skill level 4 in Fighting
  3148 | D:3      | Reached skill level 4 in Short Blades
  3148 | D:3      | Reached skill level 4 in Shields
  3148 | D:3      | Reached XP level 6. HP: 22/33 MP: 5/7
  3442 | D:4      | Found a staircase to the Ecumenical Temple.
  3448 | Temple   | Entered the Ecumenical Temple
  3475 | Temple   | Became a worshipper of Uskayaw the Reveller
  3598 | D:4      | Reached * piety under Uskayaw
  3600 | D:4      | Reached skill level 1 in Stealth
  3634 | D:4      | Noticed Blork the orc
  3634 | D:4      | Noticed a black bear
  3644 | D:4      | Reached ** piety under Uskayaw
  3649 | D:4      | Reached *** piety under Uskayaw
  3650 | D:4      | Killed a black bear
  3651 | D:4      | Reached skill level 5 in Short Blades
  3651 | D:4      | Reached XP level 7. HP: 27/37 MP: 8/8
  3655 | D:4      | Reached **** piety under Uskayaw
  3662 | D:4      | Killed Blork the orc
  3663 | D:4      | Reached skill level 1 in Invocations
  3663 | D:4      | Reached ***** piety under Uskayaw
  3740 | D:4      | Found a basalt altar of Yredelemnul.
  4024 | D:4      | Found a sparkling altar of Nemelex Xobeh.
  4114 | D:5      | Entered Level 5 of the Dungeon
  4174 | D:4      | Reached skill level 2 in Invocations
  4519 | D:5      | Reached skill level 6 in Short Blades
  4519 | D:5      | Gained mutation: You have razor-sharp teeth. [Vine Stalker
                  | growth]
  4519 | D:5      | Reached XP level 8. HP: 37/42 MP: 10/10
  4757 | D:5      | Found a bloodstained altar of Trog.
  4911 | D:6      | Found a sacrificial altar of Ru.
  4928 | D:6      | Reached skill level 5 in Fighting
  4930 | D:6      | Reached skill level 3 in Invocations
  4937 | D:6      | Identified the +7 ring mail "Foca" {rPois rC+ Int+2}
  5076 | D:6      | Noticed Jeremiah
  5110 | D:6      | HP: 3/34 [Jeremiah/divine providence (8)]
  5111 | D:6      | HP: 1/33 [Jeremiah/+4 trident of draining (1)]
  5112 | D:6      | Killed from afar by Jeremiah

Vanquished Creatures
  Grinder (D:3)
  An ice beast (D:4)
  A black bear (D:4)
  Blork the orc (D:4)
  A kobold brigand (D:5)
  2 bullfrogs (D:6)
  2 scorpions
  A howler monkey (D:6)
  2 bombardier beetles
  2 hounds (D:6)
  2 orc priests
  A jelly (D:4)
  An orc wizard (D:6)
  An iguana (D:4)
  7 gnolls
  7 adders
  A white imp (D:4)
  2 dart slugs (D:2)
  2 ribbon worms
  8 orcs
  3 endoplasms
  A giant cockroach (D:2)
  9 hobgoblins
  3 jackals (D:5)
  15 kobolds
  4 ball pythons
  4 bats
  5 goblins
  6 rats
96 creatures vanquished.

Table legend: (Time is in decaauts)
 A = Elapsed time spent in this place.
 B = Non-inter-level travel time spent in this place.
 C = Inter-level travel time spent in this place.
 D = Time resting spent in this place.
 E = Time spent auto-exploring this place.
 F = Levels seen in this place.
 G = Mean time per level.
                   A        B        C        D        E       F      G
               +--------+--------+--------+--------+--------+-----+--------+
         Total |   5119 |   4869 |    250 |    890 |   2940 |   7 |  731.3 |
       Dungeon |   5068 |   4818 |    250 |    890 |   2940 |   6 |  844.7 |
        Temple |     50 |     50 |      0 |      0 |      0 |   1 |   50.0 |
               +--------+--------+--------+--------+--------+-----+--------+

Top non-repeatable levels by time:
     D:3: 1400 daAuts
     D:2: 1126 daAuts
     D:4: 836 daAuts
     D:1: 756 daAuts
     D:5: 718 daAuts
     D:6: 230 daAuts
  Temple: 50 daAuts

Table legend:
 A = Non-vault XP
 B = Vault XP
 C = Vault XP percentage of total XP
 D = Non-vault monster count
 E = Vault monster count
 F = Vault count percentage of total count
                 A         B        C        D         E       F
            +---------+---------+-------+---------+---------+-------
      Total |    1447 |     374 |  20.5 |      88 |       8 |   8.3
            +---------+---------+-------+---------+---------+-------
        D:1 |      65 |       0 |   0.0 |      18 |       0 |   0.0
        D:2 |      83 |       0 |   0.0 |      17 |       0 |   0.0
        D:3 |      94 |     267 |  74.0 |      14 |       1 |   6.7
        D:4 |     487 |      96 |  16.5 |      17 |       1 |   5.6
        D:5 |     264 |      11 |   4.0 |      11 |       6 |  35.3
        D:6 |     454 |       0 |   0.0 |      11 |       0 |   0.0
            +---------+---------+-------+---------+---------+-------
